 Dungeon Crawl Stone Soup version bcrawl-1.13.2 (webtiles) character file.

Game seed: 9382289650301432325

393 Felnil the Shield-Bearer (level 6, -1/38 HPs)
             Began as a Skeleton Fighter on Aug 11, 2019.
             Slain by a gnoll
             ... wielding a +0 scythe
              (10 damage)
             ... on level 4 of the Dungeon.
             The game lasted 00:05:22 (2663 turns).

Felnil the Shield-Bearer (Skeleton Fighter)         Turns: 2663, Time: 00:05:23

Health: -1/38      AC:  9    Str: 23 (24) XL:     6   Next: 51%
Magic:  0/6        EV:  9    Int:  6 (7)  God:
Gold:   187        SH: 10    Dex:  8      Spells: 5/5 levels left

rFire    + . .     SeeInvis .   a - +0 war axe
rCold    + + .     Gourm    .   c - +0 shield
rNeg     + + +     Faith    .   b - +0 scale mail
rPois    ∞         Spirit   +   (no helmet)
rElec    .         Reflect  .   l - +1 cloak
rCorr    .         Harm     .   (no gloves)
MR       .....                  (no boots)
Stlth    ..........             k - amulet of regeneration
HPRegen  0.52/turn              j - ring of protection from cold
MPRegen  0.10/turn              m - ring of protection from fire

@: no status effects
A: no food or potions, cold resistance 1, deterioration 1, negative energy
resistance 3, powered by death 1, torment resistance, unbreathing, magic shield,
sturdy frame 1, spell healing
a: no special abilities


You were on level 4 of the Dungeon.
You were not hungry.

You visited 1 branch of the dungeon, and saw 4 of its levels.

You collected 187 gold pieces.

Inventory:

Hand Weapons
 a - a +0 war axe (weapon)
Armour
 b - a +0 scale mail (worn)
 c - a +0 shield (worn)
 l - a +1 cloak (worn)
Jewellery
 j - a ring of protection from cold (left hand)
 k - an amulet of regeneration (around neck)
 m - a ring of protection from fire (right hand)
Wands
 g - a wand of paralysis (3)
Scrolls
 d - a scroll of immolation {unknown}
 e - a scroll of enchant weapon {unknown}
 f - 5 scrolls of teleportation {unknown}
 h - 2 scrolls of blinking {unknown}
 i - a scroll of identify {unknown}


   Skills:
 + Level 3.7 Fighting
 + Level 5.2 Axes
 + Level 4.3 Armour
 + Level 1.7 Dodging
 + Level 0.2 Stealth
 + Level 5.7 Shields


You had 5 spell levels left.
You didn't know any spells.
Your spell library was empty.

Dungeon Overview and Level Annotations

Branches:
Dungeon (4/12)
 Temple: D:4-7

Altars:
Elyvilon
Lugonu
Wu Jian


Innate Abilities, Weirdness & Mutations

You do not eat or drink.
You are immune to poison.
Your flesh is cold resistant. (rC+)
Your body sometimes deteriorates upon taking damage.
You are immune to negative energy. (rN+++)
You regenerate a little health from kills.
You are immune to unholy pain and torment.
You can survive without breathing.
When hurt, damage is shared between your health and your magic reserves.
Your movements are slightly less encumbered by armour. (ER -2)
Casting spells heals you.


Message History

The hobgoblin closely misses you.
The hobgoblin hits you from afar with a +0 scythe!
Your body deteriorates!
You feel weakened. You block the orc's attack.
The gnoll hits you with a +0 scythe. The hobgoblin barely misses you. x3
You barely miss the gnoll. You closely miss the orc. You hit the hobgoblin.
The orc hits you with a +0 scythe. You block the gnoll's attack.
The hobgoblin hits you from afar with a +0 scythe!
The hobgoblin closely misses you. x2
You are too injured to fight recklessly!
You are too injured to fight recklessly!
You are too injured to fight recklessly!
You hit the gnoll but do no damage. You hit the hobgoblin. You hit the orc.
The orc hits you with a +0 scythe.
* * * LOW HITPOINT WARNING * * *
The gnoll closely misses you.
The hobgoblin hits you but does no damage. x2
The hobgoblin misses you. You block the orc's attack.
The gnoll hits you from afar with a +0 scythe!
You die...

######### ###
#.......############....
#.......#.....g..†......
#...........@.gg........
####.............o..†......
#................g.........
#..........................
#..........................
#...................#......
#...................#......
#..........................
#.....................


You could see a gnoll, an orc and 3 hobgoblins.

Vanquished Creatures
  Sigmund (D:2)
  A sky beast (D:4)
  Crazy Yiuf (D:2)
  A hound (D:4)
  3 adders
  A worm (D:2)
  5 dart slugs
  2 leopard geckos
  4 bats
  4 giant cockroaches
  5 hobgoblins
  6 jackals (D:4)
  7 kobolds
  A frilled lizard (D:4)
  8 goblins
  8 rats
58 creatures vanquished.

Vanquished Creatures (others)
  A jackal (D:4)
1 creature vanquished.

Grand Total: 59 creatures vanquished

Notes
Turn   | Place    | Note
-------+----------+-------------------------------------------
     0 | D:1      | Felnil the Skeleton Fighter began the quest for the Orb.
     0 | D:1      | Reached XP level 1. HP: 14/14 MP: 1/1
     6 | D:1      | Noticed a polar bear
     6 | D:1      | Noticed a salamander
     7 | D:1      | Noticed a komodo dragon
     7 | D:1      | Noticed a wyvern
    61 | D:1      | Reached XP level 2. HP: 17/19 MP: 2/2
   417 | D:1      | Reached XP level 3. HP: 23/23 MP: 3/3
   695 | D:2      | Found a white marble altar of Elyvilon.
   847 | D:2      | Noticed Sigmund
   847 | D:2      | Paralysed by Sigmund for 4 turns
  1138 | D:2      | Paralysed by Sigmund for 4 turns
  1393 | D:2      | Paralysed by Sigmund for 2 turns
  1399 | D:2      | Killed Sigmund
  1399 | D:2      | Reached skill level 1 in Dodging
  1399 | D:2      | Reached skill level 5 in Shields
  1399 | D:2      | Reached XP level 4. HP: 8/28 MP: 1/4
  1399 | D:2      | Reached XP level 5. HP: 10/32 MP: 1/5
  1689 | D:2      | Found a corrupted altar of Lugonu.
  1795 | D:2      | Found a runed door.
  2002 | D:2      | Noticed Crazy Yiuf
  2008 | D:2      | Killed Crazy Yiuf
  2531 | D:3      | Found an ornate altar of the Wu Jian Council.
  2550 | D:4      | Noticed a sky beast
  2573 | D:4      | Killed a sky beast
  2573 | D:4      | Reached skill level 5 in Axes
  2573 | D:4      | Gained mutation: You regenerate a little health from kills.
                  | [Skeleton growth]
  2573 | D:4      | Reached XP level 6. HP: 28/37 MP: 6/6
  2663 | D:4      | Slain by a gnoll

Skill      XL: |  1  2  3  4  5 |
---------------+----------------+-----
Shields        | 4 5 |  5.7
Axes           | 3 4 5 |  5.2
Armour         | 4 |  4.3
Dodging        | 1 |  1.7
Fighting       | |  3.7
Stealth        | |  0.2

Action                   |  1- 3 |  4- 6 || total
-------------------------+-------+-------++-------
Melee: War axe           |   116 |   102 ||   218
Armor: Scale mail        |    39 |    54 ||    93
Dodge: Dodged            |    44 |    66 ||   110
Block: Shield            |    63 |    81 ||   144
